 Dungeon Crawl Stone Soup version 0.30-a0-857-gcaf70739d4 (webtiles) character file.

Game seed: 8395514146621247466

217 Firecrotchwizard the Cudgeller (level 5, 0/46 HPs)
             Began as a Minotaur Gladiator on Mar 6, 2023.
             Killed from afar by an orc wizard (11 damage)
             ... with a puff of flame
             ... on level 4 of the Dungeon.
             The game lasted 00:04:24 (2986 turns).

Firecrotchwizard the Cudgeller (Minotaur Gladiator) Turns: 2986, Time: 00:04:24

Health: 0/46       AC:  5    Str: 18    XL:     5   Next: 62%
Magic:  4/4        EV: 11    Int:  7    God:
Gold:   23         SH:  0    Dex: 12    Spells: 4/4 levels left

rFire   . . .      SeeInvis .    a - +0 flail
rCold   . . .      Faith    .    (no shield)
rNeg    . . .      Spirit   .    o - +0 ring mail
rPois   .          Reflect  .    c - +0 hat
rElec   .          Rampage  .    g - scarf {shadows}
rCorr   .                        (no gloves)
Will    .....                    (no boots)
Stlth   +                        (no amulet)
HPRegen 0.27/turn                (no ring)
MPRegen 0.09/turn                (no ring)

@: no status effects
A: horns 2, retaliatory headbutt
a: no special abilities


You were on level 4 of the Dungeon.
You visited 1 branch of the dungeon, and saw 4 of its levels.

You collected 152 gold pieces.
You spent 129 gold pieces at shops.

Inventory:

Hand Weapons
 a - a +0 flail (weapon)
Missiles
 d - 3 throwing nets {!d}
Armour
 b - a +0 leather armour
 c - a +0 hat (worn)
 g - a scarf of shadows (worn)
   (You found it on level 2 of the Dungeon)
 o - a +0 ring mail (worn)
   (You took it off a goblin on level 3 of the Dungeon)
Jewellery
 C - a ring of protection from cold {rC+, !d}
   (You found it on level 3 of the Dungeon)
Wands
 m - a wand of roots (4)
   (You found it on level 3 of the Dungeon)
Scrolls
 e - a scroll of immolation {unknown}
 h - a scroll of noise {unknown}
 k - a scroll of enchant armour {unknown}
 p - a scroll of identify {unknown}
 Y - a scroll of teleportation {@r3}
Potions
 f - a potion of haste {unknown}
 i - a potion of heal wounds {unknown}
 j - a potion of degeneration {unknown}
 l - a potion of invisibility {unknown}
 n - a potion of attraction {unknown}
 r - a potion of might {unknown}
 J - 3 potions of curing {@q1}


   Skills:
 + Level 4.1 Fighting
 * Level 6.0 Maces & Flails
 - Level 2.0 Throwing
 + Level 3.0 Armour
 - Level 3.2 Dodging


You had 4 spell levels left.
You didn't know any spells.
Your spell library contained the following spells:

 Spells                   Type           Power      Damage    Failure   Level
 Airstrike                Air            0%         2d(0-16)  100%        4
 Summon Lightning Spire   Summ/Air       0%         N/A       100%        4
 Lightning Bolt           Conj/Air       0%         1d11      100%        5


Dungeon Overview and Level Annotations

Branches:
Dungeon (4/15)
 Temple: D:4-7

Altars:
Kikubaaqudgha

Shops:
D:1 *   D:4 !?(


Innate Abilities, Weirdness & Mutations

You have a pair of horns on your head.
You reflexively headbutt those who attack you in melee.


Message History

An orc wizard comes into view. It is wielding a +0 dagger.
Health restored: 46 The orc wizard points at you and mumbles some strange words.
You are confused.
An orc comes into view. It is wielding a +0 hand axe.
The orc shouts!
The orc wizard hits you with a +0 dagger.
An adder comes into view.
You take 2 damage, and have 44/46 hp.
You barely miss the orc wizard.
The adder hisses angrily.
The orc wizard hits you but does no damage.
The orc wizard barely misses you.
An endoplasm comes into view.
You bump into the rock wall.
The orc wizard hits you but does no damage.
You bump into the rock wall.
The orc wizard hits you with a +0 dagger.
You're too confused to move!
The orc barely misses you. The orc wizard casts a spell at you.
You are more confused.
The orc attacks as you move away! The orc completely misses you.
You bump into the rock wall.
The orc hits you but does no damage.
You bump into the rock wall.
The orc misses you.
You bump into the rock wall.
The orc misses you.
You barely miss the orc. The orc hits you but does no damage.
You barely miss the orc. The orc misses you.
Health restored: 46 You barely miss the orc.
You headbutt the orc. The orc hits you but does no damage.
You hit the orc.
You kill the orc!
You feel less confused.
The endoplasm jiggles.
The adder bites you.
Your Maces & Flails skill increases to level 6!
You take 1 damage, and have 45/46 hp.
You hit the adder.
The orc wizard casts a spell.
The orc wizard flickers and vanishes!
Deactivating autopickup; reactivate with Ctrl-A.
The adder bites you.
You hit the adder but do no damage. You headbutt the adder!
You kill the adder!
You hit the endoplasm. The endoplasm hits you.
You take 2 damage, and have 43/46 hp.
You hit the endoplasm.
You kill the endoplasm!
You closely miss something.
Something hits you but does no damage. x2
You miss something. Something hits you but does no damage.
You closely miss something. Your headbutt misses something.
You hear some strange, mumbled words.
A puff of flame appears from out of thin air!
The puff of flame misses you.
You closely miss something. Your headbutt misses something.
You hear some strange, mumbled words.
A puff of flame appears from out of thin air!
The puff of flame hits you!
You barely miss something. Your headbutt misses something.
Something hits you but does no damage.
You take 7 damage, and have 37/46 hp.
You miss something. Your headbutt misses something.
You hear some strange, mumbled words.
A puff of flame appears from out of thin air!
The puff of flame misses you.
You hit something. Something hits you.
You hit something. Something hits you.
You take 2 damage, and have 35/46 hp.
You barely miss something. Something hits you.
You take 3 damage, and have 32/46 hp.
You miss something.
You hear some strange, mumbled words.
Something tries to affect you, but you resist.
You closely miss something.
You hear some strange, mumbled words.
A puff of flame appears from out of thin air!
The puff of flame hits you!
You hear some strange, mumbled words.
Something tries to affect you, but you resist.
You closely miss something. Something hits you.
You miss something.
You hear some strange, mumbled words.
Something tries to affect you, but you resist.
You closely miss something. Your headbutt misses something.
You hear some strange, mumbled words.
A magic dart appears from out of thin air!
The magic dart hits you!
* * * LOW HITPOINT WARNING * * *
You take 20 damage, and have 12/46 hp.
MASSIVE DAMAGE!!
You barely miss something. Something hits you but does no damage.
You miss something. Your headbutt misses something. Something hits you.
* * * LOW HITPOINT WARNING * * *
You take 1 damage, and have 11/46 hp.
You miss something.
You hear some strange, mumbled words.
A puff of flame appears from out of thin air!
The puff of flame hits you!
You die...

#.........#
#.#########
##.## #.#
##.## #.. ##
##.#### ###
#.# ##...#
#####.##
##)##.# ###
......{###)##
.. ...
#######@#.##
## ### ##.##
###


There were no monsters in sight!

Vanquished Creatures
  A vampire bat (D:3)
  A sleepcap (D:4)
  3 adders
  A white imp (D:4)
  An ufetubus (D:4)
  3 worms
  4 dart slugs
  8 orcs (D:4)
  4 bat skeletons (D:3)
  2 bat zombies (D:3)
  8 endoplasms
  A giant cockroach (D:3)
  11 goblins
  7 hobgoblins
  2 jackals (D:2)
  2 quokkas
  6 ball pythons
  4 bats
  2 frilled lizards
  3 kobolds
  4 rats
78 creatures vanquished.

Vanquished Creatures (others)
  5 demonic plants (D:4)
5 creatures vanquished.

Grand Total: 83 creatures vanquished

Notes
Turn   | Place    | Note
-------+----------+-------------------------------------------
     0 | D:1      | Firecrotchwizard the Minotaur Gladiator began the quest for
                  | the Orb.
     0 | D:1      | Reached XP level 1. HP: 18/18 MP: 0/0
   162 | D:1      | Reached skill level 4 in Maces & Flails
   194 | D:1      | Reached XP level 2. HP: 25/25 MP: 1/1
   361 | D:1      | Reached skill level 1 in Armour
   422 | D:1      | Found Irpherrua's Assorted Antiques.
   911 | D:2      | Reached skill level 3 in Fighting
   911 | D:2      | Reached XP level 3. HP: 25/31 MP: 2/2
  1027 | D:2      | Found a faded altar of an unknown god.
  1787 | D:3      | Reached skill level 2 in Armour
  1787 | D:3      | Reached XP level 4. HP: 19/38 MP: 3/3
  1958 | D:3      | Reached skill level 5 in Maces & Flails
  2261 | D:3      | Found an ancient bone altar of Kikubaaqudgha.
  2513 | D:4      | Found Voxaz's Weapon Shoppe.
  2537 | D:4      | Reached XP level 5. HP: 45/46 MP: 4/4
  2699 | D:4      | Found Oriyteinwu's Distillery.
  2729 | D:4      | Bought a potion of curing for 33 gold pieces
  2729 | D:4      | Bought a potion of curing for 33 gold pieces
  2729 | D:4      | Bought a potion of curing for 33 gold pieces
  2782 | D:4      | Reached skill level 4 in Fighting
  2906 | D:4      | Found Omaory's Magic Scroll Shoppe.
  2916 | D:4      | Bought a scroll of teleportation for 30 gold pieces
  2942 | D:4      | Reached skill level 3 in Armour
  2966 | D:4      | Reached skill level 6 in Maces & Flails
  2985 | D:4      | HP: 11/46 [something (1)]
  2986 | D:4      | Killed from afar by an orc wizard

Illustrated notes

Levels and vault maps discovered:
D:1:      minmay_arrival_four_loops, layout_basic, serial_shops,
          nicolae_shop_stone, hangedman_glass_teeth
D:2:      layout_basic, basic_ecumenical_altar
D:3:      layout_rooms, kennysheep_vampire_church, hangedman_decor_points,
          st_stairs_6, grunt_ministairs_1
D:4:      layout_loops_ring, serial_demonic, serial_demonic_d, serial_demonic_b,
          serial_demonic_e, serial_demonic_g, serial_shops,
          nicolae_shop_hallway_stairs, nicolae_shop_trees, nicolae_diamond_shop,
          shop_fountains, st_stairs_12

Skill      XL: |  1  2  3  4  5 |
---------------+----------------+-----
Maces & Flails | 4 5 6 |  6.0
Armour         | 1 2 3 |  3.0
Fighting       | 3 4 |  4.1
Throwing       | |  2.0
Dodging        | |  3.2

Action                     |  1- 3 |  4- 6 || total
---------------------------+-------+-------++-------
  Melee: Flail             |    85 |   102 ||   187
         Headbutt          |    12 |    16 ||    28
  Throw: Javelin           |     1 |       ||     1
         Stone             |    16 |    17 ||    33
   Stab: Sleeping          |     1 |       ||     1
 Armour: Leather armour    |    15 |       ||    15
         Ring mail         |       |    32 ||    32
  Dodge: Dodged            |    47 |    50 ||    97

Table legend: (Time is in decaauts)
 A = Elapsed time spent in this place.
 B = Non-inter-level travel time spent in this place.
 C = Inter-level travel time spent in this place.
 D = Time resting spent in this place.
 E = Time spent auto-exploring this place.
 F = Levels seen in this place.
 G = Mean time per level.
                   A        B        C        D        E       F      G
               +--------+--------+--------+--------+--------+-----+--------+
         Total |   3014 |   2948 |     66 |    104 |   2390 |   4 |  753.5 |
       Dungeon |   3014 |   2948 |     66 |    104 |   2390 |   4 |  753.5 |
               +--------+--------+--------+--------+--------+-----+--------+

Top non-repeatable levels by time:
     D:2: 918 daAuts
     D:1: 834 daAuts
     D:3: 696 daAuts
     D:4: 565 daAuts

Table legend:
 A = Kills in this place as a percentage of kills in the entire game.
 B = Kills by you in this place as a percentage of kills by you in the entire game.
 C = Kills by friends in this place as a percentage of kills by friends in the entire game.
 D = Other kills in this place as a percentage of other kills in the entire game.
 E = Experience gained in this place as a percentage of experience gained in the entire game.
 F = Experience gained in this place divided by the number of levels of this place that you have seen.
                   A       B       C       D       E      F
               +-------+-------+-------+-------+-------+----------------------
         Total | 100.0 | 100.0 |   N/A |   N/A | 100.0 |  77.8
       Dungeon | 100.0 | 100.0 |   N/A |   N/A | 100.0 |  77.8
               +-------+-------+-------+-------+-------+----------------------
